 Dungeon Crawl Stone Soup version 0.18.1-1-g2f07953 (webtiles) character file.

217 Hemyr7 the Poker (level 5, -2/42 HPs)
             Began as a Merfolk Gladiator on Sept 13, 2016.
             Slain by Pikel
             ... wielding a +0 whip of freezing
              (3 damage)
             ... on level 3 of the Dungeon.
             The game lasted 00:11:43 (3167 turns).

Hemyr7 the Poker (Merfolk Gladiator)                Turns: 3167, Time: 00:11:44

Health: -2/42      AC:  5    Str: 16    XL:     5   Next: 94%
Magic:  0/0        EV: 14    Int: 11    God:
Gold:   209        SH:  0    Dex: 18    Spells: 0 memorised, 4 levels left

rFire  . . .     SeeInvis .     a - +0 trident
rCold  . . .     Gourm    .     v - +1 leather armour of Zeitedan {MR+ MP-9 Int+4 Dex+3}
rNeg   . . .     Faith    .     (no shield)
rPois  .         Spirit   .     c - +0 helmet
rElec  .         Dismiss  .     (no cloak)
rCorr  .         Reflect  .     (no gloves)
SustAt .         Harm     .     (no boots)
MR     +....                    (no amulet)
Stlth  +.........               (no ring)
                                (no ring)

@: somewhat resistant to hostile enchantments, very unstealthy
A: change form in water, swift swim
a: no special abilities


You were on level 3 of the Dungeon.
You were not hungry.

You visited 1 branch of the dungeon, and saw 4 of its levels.

You collected 209 gold pieces.

Inventory:

Hand Weapons
 a - a +0 trident (weapon)
 s - a +0 blowgun
Missiles
 d - 3 throwing nets (quivered)
 t - 25 poisoned needles
Armour
 b - a +0 leather armour
 c - a +0 helmet (worn)
 e - a +4 ring mail
 k - a +0 hat
 v - the +1 leather armour of Zeitedan (worn) {MR+ MP-9 Int+4 Dex+3}
   (You found it on level 4 of the Dungeon)

   It affects your intelligence (+4).
   It affects your dexterity (+3).
   It affects your resistance to hostile enchantments.
   It affects your magic capacity (-9).
Wands
 q - a wand of lightning (14/15)
Scrolls
 g - a scroll of fog
 h - a scroll of magic mapping
 m - a scroll of recharging
Potions
 j - a potion of might {unknown}
 n - a potion of heal wounds {unknown}
 r - 2 potions of curing {unknown}
Comestibles
 f - 4 bread rations
 i - 2 chunks of flesh
 o - a beef jerky
 w - a meat ration


   Skills:
 + Level 4.1 Fighting
 * Level 7.9 Polearms
 - Level 2.0 Throwing
 - Level 4.0 Dodging


You had 4 spell levels left.
You didn't know any spells.

Dungeon Overview and Level Annotations

Branches:
Dungeon (4/15)
 Temple: D:4-7

Altars:
Gozag
Yredelemnul

Annotations:
D:3 Pikel


Message History

You are too injured to fight recklessly!
You are too injured to fight recklessly!
You are too injured to fight recklessly!
You are too injured to fight recklessly!
You are too injured to fight recklessly!
You are too injured to fight recklessly!
You are too injured to fight recklessly!
You are too injured to fight recklessly!
You are too injured to fight recklessly!
You are too injured to fight recklessly!
You are too injured to fight recklessly!
You are too injured to fight recklessly!
You are too injured to fight recklessly!
You are too injured to fight recklessly!
You hit Pikel.
Pikel is heavily wounded.
Pikel hits you with a whip of freezing.
* * * LOW HITPOINT WARNING * * *
Pikel freezes you.
You die...

#..#...#######.#.#
#.#_#..# #.#.#####
#..#...# #...#...#
#......# ##..#.#.#
###.##.# #......#
#....# #..#.### ####.#
##.#.# #...# #K#.#
####.### #@#)# .....#
###.# .##### #.#### .#
#....# .#########
###.## .........# #.#
########.###########.#
#.....).......#
###############


You could see Pikel.

Vanquished Creatures
  2 slaves (D:3)
  An orc priest (D:3)
  An orc wizard (D:3)
  3 gnolls
  3 adders
  An ooze (D:3)
  4 worms
  4 dart slugs
  6 orcs (D:3)
  4 giant cockroaches
  6 goblins
  9 hobgoblins
  7 jackals (D:2)
  A quokka (D:2)
  10 bats
  2 giant newts (D:2)
  9 kobolds
  9 rats
82 creatures vanquished.

Notes
Turn   | Place    | Note
--------------------------------------------------------------
     0 | D:1      | Hemyr7 the Merfolk Gladiator began the quest for the Orb.
     0 | D:1      | Reached XP level 1. HP: 16/16 MP: 1/1
   178 | D:1      | Reached XP level 2. HP: 23/23 MP: 2/2
   449 | D:1      | Reached skill level 5 in Polearms
   639 | D:2      | Found an opulent altar of Gozag.
   644 | D:2      | Reached XP level 3. HP: 29/29 MP: 3/3
  1176 | D:2      | Found a basalt altar of Yredelemnul.
  1261 | D:3      | Reached skill level 6 in Polearms
  1261 | D:3      | Reached XP level 4. HP: 31/35 MP: 4/4
  1763 | D:3      | Reached XP level 5. HP: 20/42 MP: 5/5
  2017 | D:3      | Reached skill level 7 in Polearms
  2255 | D:3      | Found a faded altar to an unknown god.
  2851 | D:4      | Got an ancient leather armour
  2872 | D:4      | Identified the cursed +1 leather armour of Zeitedan {MR+ MP-9 Int+4 Dex+3} (You found it on level 4 of the Dungeon)
  2919 | D:4      | Noticed a slave
  2920 | D:4      | Noticed Pikel
  2920 | D:4      | Noticed a slave
  2920 | D:4      | Noticed a slave
  2957 | D:3      | Killed a slave
  3031 | D:4      | Noticed a slave
  3040 | D:3      | Killed a slave
  3167 | D:3      | HP: 1/42 [Pikel/whip of freezing (6)]
  3167 | D:3      | Slain by Pikel

Skill      XL: |  1  2  3  4  5 |
---------------+----------------+-----
Polearms       | 5 6 7 |  7.9
Fighting       | 3 4 |  4.1
Throwing       | |  2.0
Dodging        | |  4.0

Action                   |  1- 3 |  4- 6 || total
-------------------------+-------+-------++-------
Melee: Trident           |   135 |   218 ||   353
  Use: Scroll            |       |     8 ||     8
  Eat: Chunk             |     1 |     7 ||     8
Armor: Leather armour    |     5 |     4 ||     9
       Ring mail         |    21 |    51 ||    72
Dodge: Dodged            |    64 |   129 ||   193
